 Dungeon Crawl Stone Soup version 0.23.0 (webtiles) character file.

Game seed: 16797554245600691

3180 nonames the Grappler (level 9, -1/87 HPs)
             Began as a Troll Monk on Feb 16, 2019.
             Was a Believer of the Shining One.
             Slain by a wolf (7 damage)
             ... led by Grum
             ... on level 8 of the Dungeon.
             The game lasted 00:24:27 (5805 turns).

nonames the Grappler (Troll Monk)                   Turns: 5805, Time: 00:24:28

Health: -1/87      AC:  7    Str: 23    XL:     9   Next: 63%
Magic:  8/8        EV: 13    Int:  6    God:    the Shining One [**....]
Gold:   347        SH:  2    Dex: 13    Spells: 8/8 levels left

rFire    . . .     SeeInvis .     - Unarmed
rCold    . . .     Gourm    +   (no shield)
rNeg     + . .     Faith    .   a - +1 robe
rPois    .         Spirit   .   (helmet restricted)
rElec    .         Reflect  +   (no cloak)
rCorr    .         Harm     .   (gloves unavailable)
MR       .....                  (boots unavailable)
Stlth    +.........             C - +2 amulet of reflection
HPRegen  0.64/turn              j - ring of stealth
MPRegen  0.11/turn              x - ring of flight

@: glowing
A: large, unfitting armour, claws 3, fast metabolism 3, gourmand, regeneration
1, shaggy fur 1, tough skin 3
a: Divine Shield, Renounce Religion, Evoke Flight


You were on level 8 of the Dungeon.
You worshipped the Shining One.
The Shining One was pleased with you.
You were not hungry.

You visited 1 branch of the dungeon, and saw 8 of its levels.

You collected 347 gold pieces.

Inventory:

Hand Weapons
 e - a +0 giant spiked club
Armour
 a - a +1 robe (worn)
 A - a +0 large shield
Magical Staves
 h - an uncursed staff of wizardry
Jewellery
 j - a ring of stealth (left claw)
 p - an uncursed amulet of regeneration
 r - an uncursed amulet of the acrobat
 s - an uncursed ring of magical power
 x - a ring of flight (right claw)
 C - a +2 amulet of reflection (around neck)
Wands
 w - a wand of polymorph (9)
 F - a wand of flame (18)
Scrolls
 c - 7 scrolls of remove curse
 d - 6 scrolls of teleportation
 f - 2 scrolls of identify
 g - 3 scrolls of blinking
 i - 2 scrolls of enchant weapon
 k - a scroll of immolation {unknown}
 y - a scroll of noise {unknown}
 E - a scroll of fear {unknown}
Potions
 l - 2 potions of resistance {unknown}
 m - 2 potions of invisibility {unknown}
 n - a potion of haste
 o - a potion of lignification {unknown}
 q - a potion of heal wounds {unknown}
 t - 2 potions of curing {unknown}
 u - a potion of agility {unknown}
 v - a potion of flight {unknown}
 z - a potion of magic {unknown}
 B - 2 potions of ambrosia {unknown}
 D - a potion of degeneration {unknown}
Comestibles
 b - 6 rations


   Skills:
 + Level 4.8 Fighting
 + Level 6.3 Dodging
 - Level 1.0 Stealth
 * Level 10.9 Unarmed Combat


You had 8 spell levels left.
You didn't know any spells.
Your spell library contained the following spells:

 Spells                   Type           Power        Failure   Level  Hunger
 Irradiate                Conj/Tmut      #.........   100%        5    ######.
 Hydra Form               Tmut           #.........   100%        6    #######
 Statue Form              Tmut/Erth      #........    100%        6    #######
 Dragon Form              Tmut           #.........   100%        7    #######


Dungeon Overview and Level Annotations

Branches:
Dungeon (8/15)             Temple (0/1) D:7            Lair (0/6) D:8

Altars:
Xom
The Shining One

Annotations:
D:8 Grum


Innate Abilities, Weirdness & Mutations

You are too large for most types of armour.
You have claws for hands.
Your metabolism is lightning-fast.
You like to eat raw meat.
Your natural rate of healing is unusually fast.
You are covered in fur. (AC +1)
You have extremely tough skin. (AC +3)


Message History

Grum is heavily wounded.
The wolf bites you but does no damage.
The centaur zombie hits you but does no damage.
You block Grum's attack. The wolf completely misses you.
You claw Grum!
Grum is severely wounded.
The centaur zombie hits you.
* * * LOW HITPOINT WARNING * * *
Grum zaps a wand.
You easily resist.
The wolf bites you!
* * * LOW HITPOINT WARNING * * *
You barely miss Grum.
Grum is severely wounded.
Grum hits you with a +0 spear.
* * * LOW HITPOINT WARNING * * *
The wolf closely misses you. The centaur zombie hits you.
* * * LOW HITPOINT WARNING * * *
You claw the centaur zombie!
The centaur zombie is moderately damaged.
The wolf bites you!
You die...

.#....... #....... ### #..>
#...... ..##... ..... ..#>.# ....
.. #....####..
#.##....##.hg################
#.##....##.#@##..............
#.##....##.#Z##........<.....
#..####.#..#(.#..............
#..#.....)..(................ .
#..#.......###..............#
..###..#.....#...................
......†........####..........####
.##....#.....### #..........#
.......#.....# #..........#


You could see Grum, a wolf and a centaur zombie.

Vanquished Creatures
  Joseph (D:7)
  Duvessa (D:7)
  3 orc warriors
  A phantom (D:6)
  2 ice beasts (D:5)
  A sky beast (D:6)
  A wolf (D:8)
  A necrophage (D:6)
  2 ogres (D:4)
  A centaur (D:6)
  A gnoll sergeant (D:7)
  4 bullfrogs
  Dowan (D:7)
  5 killer bees (D:7)
  2 howler monkeys (D:8)
  A crimson imp (D:6)
  2 quasits
  2 orc priests
  A bullfrog skeleton (D:4)
  3 hounds
  3 jellies (D:7)
  6 orc wizards
  6 iguanas
  2 worker ants
  A worker ant zombie (D:5)
  A howler monkey zombie (D:7)
  8 gnolls
  11 adders
  An ooze (D:6)
  An adder skeleton (D:5)
  A worm (D:2)
  6 leopard geckos
  17 orcs
  10 bats
  4 giant cockroaches
  7 goblins
  11 hobgoblins
  6 jackals
  9 kobolds
  2 quokkas
  3 ball pythons
  3 frilled lizards
  A quokka zombie (D:6)
  6 rats
162 creatures vanquished.

Notes
Turn   | Place    | Note
-------+----------+-------------------------------------------
     0 | D:1      | nonames the Troll Monk began the quest for the Orb.
     0 | D:1      | Reached XP level 1. HP: 22/22 MP: 0/0
   177 | D:1      | Reached XP level 2. HP: 29/29 MP: 1/1
   929 | D:2      | Reached XP level 3. HP: 36/36 MP: 2/2
  1333 | D:2      | Reached XP level 4. HP: 43/44 MP: 3/3
  1683 | D:3      | Reached skill level 4 in Unarmed Combat
  2433 | D:4      | Noticed an ogre
  2440 | D:4      | Killed an ogre
  2440 | D:4      | Reached skill level 5 in Unarmed Combat
  2440 | D:4      | Reached XP level 5. HP: 53/53 MP: 4/4
  2499 | D:4      | Noticed an ogre
  2507 | D:4      | Killed an ogre
  2507 | D:4      | Reached XP level 6. HP: 61/61 MP: 5/5
  3113 | D:5      | Entered Level 5 of the Dungeon
  3184 | D:5      | Noticed an ice beast
  3194 | D:5      | Killed an ice beast
  3194 | D:5      | Reached skill level 6 in Unarmed Combat
  3302 | D:5      | Reached XP level 7. HP: 57/67 MP: 6/6
  3588 | D:5      | Reached skill level 7 in Unarmed Combat
  3837 | D:5      | Paralysed by fainting for 10 turns
  3855 | D:5      | Paralysed by fainting for 5 turns
  3871 | D:6      | Paralysed by fainting for 8 turns
  3989 | D:6      | Reached XP level 8. HP: 72/76 MP: 7/7
  4017 | D:6      | Reached skill level 8 in Unarmed Combat
  4072 | D:6      | Reached skill level 5 in Dodging
  4251 | D:6      | Reached skill level 9 in Unarmed Combat
  4470 | D:6      | Found a glowing golden altar of the Shining One.
  4762 | D:6      | Became a worshipper of the Shining One
  4762 | D:6      | Reached * piety under the Shining One
  4762 | D:6      | Reached ** piety under the Shining One
  4964 | D:7      | Found a shimmering altar of Xom.
  4989 | D:7      | Noticed Joseph
  5000 | D:7      | Killed Joseph
  5000 | D:7      | Reached XP level 9. HP: 44/85 MP: 8/8
  5003 | D:7      | Reached skill level 10 in Unarmed Combat
  5151 | D:7      | Noticed Duvessa
  5151 | D:7      | Noticed Dowan
  5160 | D:7      | Killed Duvessa
  5166 | D:7      | Killed Dowan
  5328 | D:7      | Found a staircase to the Ecumenical Temple.
  5738 | D:8      | Found a staircase to the Lair.
  5789 | D:8      | Noticed Grum
  5805 | D:8      | Slain by a wolf

Skill      XL: |  1  2  3  4  5  6  7  8  9 |
---------------+----------------------------+-----
Dodging        | 3 4 5 6 |  6.3
Unarmed Combat | 5 6 7 9 10 | 10.9
Fighting       | 3 4 |  4.8
Stealth        | |  1.0

Action                   |  1- 3 |  4- 6 |  7- 9 || total
-------------------------+-------+-------+-------++-------
Melee: Unarmed           |   109 |   120 |   250 ||   479
       Punch             |     3 |     3 |     3 ||     9
  Use: Scroll            |       |     9 |     2 ||    11
 Stab: Sleeping          |     1 |     3 |     2 ||     6
  Eat: Chunk             |     6 |     6 |    12 ||    24
       Ration            |     1 |     3 |     4 ||     8
Armor: Robe              |    78 |    52 |   116 ||   246
Dodge: Dodged            |    97 |    86 |   163 ||   346
Block: Other             |       |       |     3 ||     3
